 Dungeon Crawl Stone Soup version 0.18-a0-921-g28655ce (webtiles) character file.

70 ahoge the Shield-Bearer (level 4, -5/29 HPs)
             Began as a Gargoyle Fighter on Dec 27, 2015.
             Slain by Sigmund
             ... wielding a +0 scythe of protection
              (8 damage)
             ... on level 2 of the Dungeon.
             The game lasted 00:04:38 (1042 turns).

ahoge the Shield-Bearer (Gargoyle Fighter)          Turns: 1042, Time: 00:04:38

Health: -5/29      AC: 10    Str: 24    XL:     4   Next: 21%
Magic:  4/4        EV:  8    Int:  9    God:
Gold:   74         SH: 10    Dex: 10    Spells: 0 memorised, 3 levels left

rFire  . . .     SeeInvis .     a - +0 flail
rCold  . . .     Gourm    .     b - +0 scale mail
rNeg   + . .     Faith    .     c - +0 shield
rPois  ∞         Spirit   .     (no helmet)
rElec  +         Dismiss  .     (no cloak)
rCorr  .         Reflect  .     (no gloves)
SustAt .         Harm     .     (no boots)
MR     .....                    (no amulet)
Stlth  ..........               (no ring)
                                (no ring)

@: mighty, not resistant to hostile enchantments, extremely unstealthy
A: negative energy resistance 1, electricity resistance, unbreathing,
petrification resistance, rot immunity, AC +3
a: no special abilities


You were on level 2 of the Dungeon.
You were hungry.

You visited 1 branch of the dungeon, and saw 2 of its levels.

You collected 74 gold pieces.

Inventory:

Hand Weapons
 a - a +0 flail (weapon)
Armour
 b - a +0 scale mail (worn)
 c - a +0 shield (worn)
Jewellery
 l - an uncursed ring of positive energy {unknown}
Scrolls
 e - a scroll of identify {unknown}
 g - 2 scrolls of recharging {unknown}
 h - a scroll of blinking {unknown}
 j - a scroll of enchant weapon {unknown}
 m - a scroll of remove curse {unknown}
Comestibles
 f - 2 bread rations
 i - 4 fruits
 k - a beef jerky
 n - a meat ration


   Skills:
 + Level 3.7 Fighting
 + Level 2.4 Maces & Flails
 + Level 3.5 Armour
 + Level 1.2 Dodging
 + Level 4.1 Shields


You had 3 spell levels left.
You didn't know any spells.

Dungeon Overview and Level Annotations

Branches:
Dungeon (2/15)

Altars:
Ashenzari
Vehumet

Annotations:
D:2 Sigmund


Innate Abilities, Weirdness & Mutations

You are resistant to torment.
Your stone body is resilient (AC +3).
You are immune to poison.
You resist negative energy.
You are resistant to electric shocks.
You can survive without breathing.
You are immune to petrification.
You are immune to rotting.


Message History

A puff of flame appears from out of thin air!
The puff of flame hits you!
You closely miss something. Something hits you but does no damage.
You miss something. Something hits you but does no damage.
Your shield prevents you from hitting something.
Something hits you but does no damage.
You hit something. Something hits you.
You hit something but do no damage. Something hits you.
* * * LOW HITPOINT WARNING * * *
You miss something. Something hits you but does no damage.
You sock something! Something hits you but does no damage.
You miss something.
You hear some strange, mumbled words.
A puff of flame appears from out of thin air!
The puff of flame hits you!
* * * LOW HITPOINT WARNING * * *
Drink which item? (? for menu, Esc to quit)
You feel very mighty all of a sudden. Something hits you!
You die...

#...............
#.##....########
......##.# #.
#..##.####.#### #...
#.###.# #....##...#
#..........##....#
.......#####....##
#....{###..%##......
#.....@.....# ######
#...........#
#...........#
#...........#
#..<...?....#
#############


There were no monsters in sight!

Vanquished Creatures
  Jessica (D:2)
  A gnoll (D:1)
  An ooze (D:2)
  3 giant cockroaches
  5 goblins
  4 hobgoblins (D:1)
  A quokka (D:2)
  3 bats
  7 kobolds
  2 rats
28 creatures vanquished.

Vanquished Creatures (others)
  A hobgoblin (D:2)
  2 rats
3 creatures vanquished.

Grand Total: 31 creatures vanquished

Notes
Turn   | Place    | Note
--------------------------------------------------------------
     0 | D:1      | ahoge the Gargoyle Fighter began the quest for the Orb.
     0 | D:1      | Reached XP level 1. HP: 14/14 MP: 1/1
   286 | D:1      | Reached XP level 2. HP: 14/19 MP: 2/2
   477 | D:1      | Reached XP level 3. HP: 23/23 MP: 3/3
   882 | D:2      | Found a radiant altar of Vehumet.
   921 | D:2      | Found a shattered altar of Ashenzari.
   945 | D:2      | Noticed Jessica
   952 | D:2      | Killed Jessica
   952 | D:2      | Reached skill level 1 in Dodging
   952 | D:2      | Reached skill level 4 in Shields
   952 | D:2      | Reached XP level 4. HP: 15/28 MP: 4/4
  1015 | D:2      | Noticed Sigmund
  1042 | D:2      | Slain by Sigmund

Vault maps used:
D:1:      eino_arrival_tree_alley, lemuel_old_faithful
D:2:      fiery_altar_vehumet, nicolae_overflow_hidden_temple, uniq_sigmund,
          uniq_jessica

Action                   |  1- 3 |  4- 6 || total
-------------------------+-------+-------++-------
Melee: Flail             |    81 |    49 ||   130
  Use: Potion            |       |     1 ||     1
